 Dungeon Crawl Stone Soup version 0.25-a0-356-g7c9d860b3b (webtiles) character file.

Game seed: 15261231601959352010, levelgen mode: classic

12450 Borgoz the Cleaver (level 11, -14/73 HPs)
             Began as a Gargoyle Gladiator on Jan 3, 2020.
             Was a Priest of Makhleb.
             Demolished by Rupert
             ... wielding a +4 great sword of slicing
              (34 damage)
             ... on level 12 of the Dungeon.
             The game lasted 00:17:37 (11528 turns).

Borgoz the Cleaver (Gargoyle Gladiator)            Turns: 11528, Time: 00:17:38

Health: -14/73     AC: 25    Str: 20    XL:     11   Next: 93%
Magic:  11/11      EV:  7    Int: 10    God:    Makhleb [***...]
Gold:   651        SH:  0    Dex: 11    Spells: 10/10 levels left

rFire    + . .     SeeInvis +   a - +0 war axe
rCold    + . .     Gourm    .   (no shield)
rNeg     + . .     Faith    .   J - +0 plate armour
rPois    ∞         Spirit   .   D - +1 hat {MR+}
rElec    +         Reflect  .   n - scarf {rC+ rF+}
rCorr    .         Harm     .   (no gloves)
MR       +....                  A - +0 pair of boots
Stlth    ..........             (no amulet)
HPRegen  0.22/turn              l - ring of see invisible
MPRegen  0.12/turn              E - +3 ring of slaying

@: about to teleport
A: negative energy resistance 1, electricity resistance, unbreathing,
petrification resistance, rot immunity, AC +8
a: Minor Destruction, Lesser Servant of Makhleb, Renounce Religion


You were on level 12 of the Dungeon.
You worshipped Makhleb.
Makhleb was most pleased with you.
You were not hungry.

You visited 1 branch of the dungeon, and saw 13 of its levels.
You also visited: Ossuary.

You collected 761 gold pieces.
You spent 110 gold pieces at shops.

Inventory:

Hand Weapons
 a - a +0 war axe (weapon)
 b - a +0 dire flail
 B - a +2 great mace of crushing
Missiles
 d - 2 throwing nets (quivered)
Armour
 n - a scarf of resistance (worn)
 A - a +0 pair of boots (worn)
 D - a +1 hat of magic resistance (worn)
 J - a +0 plate armour (worn)
Jewellery
 i - an uncursed ring of protection from cold
 l - a ring of see invisible (left hand)
 v - the ring "Qamenwithas" {rPois MP+9}
   (You bought it in a shop on level 12 of the Dungeon)

   [ring of poison resistance]

   It protects you from poison.
   It affects your magic capacity (+9).
 E - a +3 ring of slaying (right hand)
 H - an uncursed ring of protection from cold
 P - an uncursed ring of flight
Wands
 q - a wand of random effects (20)
 w - a wand of flame (5)
 y - a wand of digging (14)
 z - a wand of clouds (5)
 L - a wand of iceblast (5)
Scrolls
 c - a scroll of vulnerability {unknown}
 e - 10 scrolls of remove curse {unknown}
 g - 7 scrolls of teleportation
 m - 2 scrolls of noise {unknown}
 p - 2 scrolls of amnesia {unknown}
 s - a scroll of fear {unknown}
 x - 4 scrolls of magic mapping {unknown}
 C - 4 scrolls of blinking {unknown}
 F - 4 scrolls of immolation {unknown}
 G - a scroll of random uselessness {unknown}
 I - a scroll of enchant armour {unknown}
 M - a scroll of summoning {unknown}
Potions
 h - a potion of might
 j - a potion of magic
 k - 2 potions of heal wounds
 o - a potion of resistance
 r - 2 potions of flight
 t - 2 potions of agility {unknown}
 u - 6 potions of curing
 O - a potion of haste {unknown}
Comestibles
 f - 15 rations
 K - 3 chunks of flesh


   Skills:
 + Level 10.4 Fighting
 * Level 12.2 Axes
 - Level 1.7 Throwing
 + Level 10.2 Armour
 - Level 2.4 Dodging


You had 10 spell levels left.
You didn't know any spells.
Your spell library contained the following spells:

 Spells                   Type           Power        Failure   Level  Hunger
 Freeze                   Ice            #...         99%         1    ##.....
 Magic Dart               Conj           #...         99%         1    ##.....
 Sandblast                Erth           #.....       99%         1    ##.....
 Passwall                 Tmut/Erth      #.......     100%        2    ###....
 Searing Ray              Conj           #.....       100%        2    ###....
 Dazzling Flash           Conj/Hex       #.....       100%        3    ####...
 Ozocubu's Armour         Chrm/Ice       #.......     100%        3    ####...
 Stone Arrow              Conj/Erth      #.....       100%        3    ####...
 Fulminant Prism          Conj/Hex       #.........   100%        4    #####..
 Hailstorm                Conj/Ice       #.......     100%        4    #####..
 Iskenderun's Mystic Bla  Conj/Tloc      #.......     100%        4    #####..
 Petrify                  Tmut/Erth      #.......     100%        4    #####..
 Summon Ice Beast         Ice/Summ       #.......     100%        4    #####..
 Lee's Rapid Deconstruct  Erth           #.........   100%        5    ######.


Dungeon Overview and Level Annotations

Branches:
Dungeon (13/15) Temple (0/1) D:7 Lair (0/6) D:11 Vaults (0/5) D:12 D:13 Ossuary (visited) Orc: D:9-12

Altars:
Ashenzari
Cheibriados
Elyvilon
Fedhas
Hepliaklqana
Makhleb
Qazlal
Ru
Trog
Uskayaw
Wu Jian
Yredelemnul
Zin
The Shining One

Shops:
D:12 *

Annotations:
D:4 1 runed translucent door, LostGamesStreakFreak's ghost, amateur GrGl
D:12 Rupert
D:13 Urug


Innate Abilities, Weirdness & Mutations

You are resistant to torment.
Your stone body is resilient. (AC +8)
You are immune to poison.
You resist negative energy. (rN+)
You are resistant to electric shocks. (rElec)
You can survive without breathing.
You are immune to petrification.
You are immune to rotting.


Message History

Aim: Rupert, wielding a +4 great sword of slicing and wearing a +0 leather armour (lightly wounded, berserk, fast, unusually strong)
Okay, then.
You completely miss Rupert.
Rupert is lightly wounded.
You slash the human!
You closely miss the human. x3; You miss the human.
You slash the human!
Rupert hits you with a +4 great sword of slicing.
The human hits you.
* * * LOW HITPOINT WARNING * * *
The human hits you but does no damage. x3
You hit Rupert.
Rupert is lightly wounded.
You closely miss the human.
You hit the human. x2; You closely miss the human.
You miss the human.
Your plate armour prevents you from hitting the human.
The human hits you.
* * * LOW HITPOINT WARNING * * *
The human hits you but does no damage.
Rupert hits you with a +4 great sword of slicing!!
You die...

#.# #.# #.#.# #.# ###...##### #.#
#.# #.#.###.### #.......). ..#
#.# ###.........# ##...##### ###
#.# #.......###.# ##.## #.#
#.###...###.# #.# #.# #.#
#....##.# #.# #####.####.#
##...##.# ##+##
.........#.####p@p...# ##...##
.####.##.#.#..xp@p.#####...[.##
.#.....#.#...(.p.p.# ##.......##
....#.##.###((.....###.........##
..........(((.(......+.........'.
.....###.###)......###.........##
.#.#.###.# #.......# ##.......###
.........# #.......# ##.....## #
####.##### ####.#### ##...## #
#.# #.# ##'## #


You could see Rupert (berserk), an unseen horror (invisible) and 6 humans.

Vanquished Creatures
  Gastronok (D:12)
  Snorg (D:12)
  An ugly thing (D:12)
  A gargoyle (D:10)
  A centaur skeleton (D:12)
  3 trolls
  A queen bee (D:9)
  3 hippogriffs
  A wyvern (D:10)
  4 yaks (D:12)
  6 humans (D:12)
  A steam dragon (D:12)
  A water moccasin (D:10)
  3 ice beasts
  5 orc warriors
  3 sky beasts
  4 black bears
  3 necrophages
  4 ogres
  An eye of draining (D:12)
  5 centaurs
  A crocodile (D:8)
  A big kobold (D:8)
  3 elf zombies (Ossuary)
  4 bullfrogs
  7 scorpions
  14 killer bees (D:9)
  5 wights (D:11)
  A howler monkey (D:8)
  8 crimson imps
  3 centaur zombies (Ossuary)
  A bullfrog skeleton (D:6)
  3 orc priests
  5 jellies
  7 orc wizards
  5 hounds
  6 human zombies (Ossuary)
  An iguana (D:4)
  14 worker ants
  A hound skeleton (D:5)
  3 mummies (Ossuary)
  9 gnolls
  11 adders
  3 shadow imps
  An ooze (D:2)
  An adder skeleton (D:5)
  5 worms
  A dart slug (D:1)
  10 leopard geckos
  25 orcs
  8 giant cockroaches
  7 goblins
  8 hobgoblins
  17 jackals
  9 kobolds
  2 quokkas
  A ball python skeleton (D:4)
  15 bats
  2 frilled lizards
  2 leopard gecko skeletons
  A quokka skeleton (D:7)
  5 rats
  20 fungi
  3 plants (D:11)
312 creatures vanquished.

Vanquished Creatures (others)
  A centaur skeleton (D:12)
  An ice beast (D:12)
  A scorpion (D:6)
  A hound (D:6)
  A howler monkey zombie (D:6)
  A leopard gecko (D:5)
  4 fungi
10 creatures vanquished.

Grand Total: 322 creatures vanquished

Notes
Turn   | Place    | Note
-------+----------+-------------------------------------------
     0 | D:1      | Borgoz the Gargoyle Gladiator began the quest for the Orb.
     0 | D:1      | Reached XP level 1. HP: 12/12 MP: 1/1
    64 | D:1      | Reached skill level 3 in Axes
    64 | D:1      | Reached XP level 2. HP: 14/18 MP: 2/2
   180 | D:1      | Reached skill level 1 in Armour
   309 | D:1      | Reached XP level 3. HP: 19/22 MP: 3/3
  1235 | D:2      | You fall into a shaft and drop 2 floors!
  1402 | D:4      | Reached XP level 4. HP: 13/28 MP: 4/4
  1729 | D:4      | Reached skill level 4 in Axes
  1729 | D:4      | Reached XP level 5. HP: 18/32 MP: 5/5
  2132 | D:4      | Found a hazy altar of Hepliaklqana.
  2228 | D:4      | Found an ornate altar of the Wu Jian Council.
  2321 | D:4      | Found a runed translucent door.
  2331 | D:4      | Found a hide-covered altar of Uskayaw.
  2333 | D:4      | Noticed a +0 dagger
  2333 | D:4      | Noticed a +0 dagger
  2631 | D:2      | Found a glowing golden altar of the Shining One.
  2703 | D:2      | Found a bloodstained altar of Trog.
  3062 | D:3      | Found a blossoming altar of Fedhas.
  3112 | D:3      | Reached XP level 6. HP: 38/38 MP: 6/6
  3326 | D:3      | Found a basalt altar of Yredelemnul.
  3535 | D:4      | Noticed LostGamesStreakFreak's ghost (amateur GrGl)
  3780 | D:5      | Entered Level 5 of the Dungeon
  3870 | D:5      | Reached skill level 5 in Axes
  4020 | D:5      | Reached XP level 7. HP: 36/44 MP: 7/7
  4616 | D:5      | Reached skill level 6 in Axes
  4714 | D:5      | Found a white marble altar of Elyvilon.
  4815 | D:5      | Reached skill level 5 in Fighting
  4975 | D:6      | Reached XP level 8. HP: 36/49 MP: 8/8
  5045 | D:6      | Reached skill level 5 in Armour
  5090 | D:6      | Found a sand-covered staircase.
  5105 | Ossuary  | Entered an ossuary
  5252 | Ossuary  | Reached skill level 7 in Axes
  5424 | Ossuary  | Reached XP level 9. HP: 30/56 MP: 9/9
  5766 | D:6      | Reached skill level 8 in Axes
  5784 | D:6      | Found a burning altar of Makhleb.
  5784 | D:6      | Found a stormy altar of Qazlal.
  5787 | D:6      | Found a snail-covered altar of Cheibriados.
  5794 | D:6      | Became a worshipper of Makhleb the Destroyer
  6102 | D:7      | Found a staircase to the Ecumenical Temple.
  7122 | D:8      | Reached skill level 9 in Axes
  7241 | D:8      | Reached * piety under Makhleb
  7740 | D:9      | Reached XP level 10. HP: 64/64 MP: 10/10
  8382 | D:9      | Reached ** piety under Makhleb
  8382 | D:9      | Reached skill level 10 in Axes
  8524 | D:9      | Found a glowing silver altar of Zin.
  8535 | D:9      | Found a shattered altar of Ashenzari.
  9006 | D:10     | Entered Level 10 of the Dungeon
  9084 | D:10     | Noticed a gargoyle
  9100 | D:10     | Killed a gargoyle
 10012 | D:9      | Found a sacrificial altar of Ru.
 10272 | D:11     | Found a staircase to the Lair.
 10308 | D:11     | Reached XP level 11. HP: 71/71 MP: 11/11
 10334 | D:11     | Reached skill level 11 in Axes
 10346 | D:11     | Noticed a cyan ugly thing
 10346 | D:11     | You fall into a shaft and drop 1 floor!
 10349 | D:12     | Noticed Snorg
 10377 | D:12     | Killed Snorg
 10492 | D:12     | Found Qokh's Assorted Antiques.
 10496 | D:12     | Bought a crude tin ring for 110 gold pieces
 10498 | D:12     | Identified the ring "Qamenwithas" {rPois MP+9} (You bought
                  | it in a shop on level 12 of the Dungeon)
 10560 | D:12     | Reached *** piety under Makhleb
 10585 | D:12     | Noticed a green ugly thing
 10605 | D:12     | Killed a green ugly thing
 10728 | D:12     | Noticed Gastronok
 10750 | D:12     | Killed Gastronok
 10750 | D:12     | Reached skill level 10 in Fighting
 11010 | D:12     | Reached skill level 12 in Axes
 11028 | D:12     | Reached skill level 10 in Armour
 11482 | D:13     | Found a gate to the Vaults.
 11482 | D:13     | Noticed Rupert
 11482 | D:13     | Noticed Urug
 11482 | D:13     | Noticed a centaur warrior
 11482 | D:13     | Noticed a catoblepas
 11482 | D:13     | Noticed an unseen horror
 11528 | D:12     | Demolished by Rupert

Levels and vault maps discovered:
D:1:      eino_arrival_water_star, layout_basic
D:2:      layout_loops_ring, nicolae_tso_swordbearing_angel,
          lightli_temple_of_fire
D:3:      layout_rooms, lemuel_coloured_pillars_altar,
          overflow_temple_1_default, minivault_19, corexii_leaking_fountain
D:4:      layout_loops_ring, marbit_many_paths, dancing_weapons_uskayaw,
          old_standard_altar, ebering_ghost_reflecting_pool, first_ration,
          minmay_misc_feat_x, kennysheep_generic_room_12
D:5:      old_forge, layout_basic, elyvilon_altar_4
D:6:      layout_basic, chequers_temple_overflow_statue_of_worship,
          serial_rivers, chequers_serial_rivers_micro_b,
          chequers_serial_rivers_room_b, chequers_serial_rivers_small_b,
          chequers_serial_rivers_small_b, enter_ossuary_3, lemuel_flamethrower_2
D:7:      layout_basic, minmay_temple_entry_waves
D:8:      minmay_skewed_foursquare, layout_rooms
D:9:      layout_layer_cave, zin_treasury, nicolae_overflow_hidden_temple,
          david_nohive_1, nicolae_wwwww
D:10:     layout_loops_corners, hangedman_abyss_or_decor_jellyfish_corner,
          nrook_pool_corridor
D:11:     minmay_the_grid_square_5x5_3x3
          [minmay_the_grid_square_5x5_almost_minimal,
          minmay_the_grid_square_5x5_fancy_junction,
          minmay_the_grid_square_5x5_percent,
          minmay_the_grid_square_5x5_detours,
          minmay_the_grid_square_5x5_megaprize_checkered,
          minmay_the_grid_square_5x5_hollow_slash,
          minmay_the_grid_square_5x5_half_checkered,
          minmay_the_grid_square_5x5_trominoes,
          minmay_the_grid_square_5x5_gyroscope], layout_loops_ring,
          grunt_lair_entry_orc_guard_hut, minmay_orc_entry_temple_small,
          laboratory
D:12:     layout_loops_corners, serial_shops, shop_fountains, minivault_11,
          uniq_gastronok, uniq_snorg
D:13:     layout_rooms, david_vaults_3, chequers_avenue, uniq_azrael,
          uniq_frances

Skill      XL: |  1  2  3  4  5  6  7  8  9 10 11 |
---------------+----------------------------------+-----
Axes           | 3 4 5 6 7 9 10 12 | 12.2
Armour         | 1 2 3 4 5 7 8 10 | 10.2
Fighting       | 3 4 5 6 7 9 10 | 10.4
Throwing       | |  1.7
Dodging        | |  2.4

Action                   |  1- 3 |  4- 6 |  7- 9 | 10-12 || total
-------------------------+-------+-------+-------+-------++-------
Melee: War axe           |   110 |   226 |   443 |   426 ||  1205
Throw: Throwing net      |     1 |       |       |     1 ||     2
Evoke: Wand              |       |       |       |     1 ||     1
  Use: Scroll            |       |     1 |     9 |     2 ||    12
       Potion            |       |       |     4 |     4 ||     8
 Stab: Invisible         |       |       |     3 |     4 ||     7
       Held in net/web   |       |       |       |     3 ||     3
  Eat: Chunk             |     2 |     8 |    13 |     7 ||    30
       Ration            |       |       |       |     2 ||     2
Armor: Leather armour    |     8 |       |       |       ||     8
       Ring mail         |    34 |   109 |   177 |       ||   320
       Skin              |       |       |    55 |       ||    55
       Plate armour      |       |       |    60 |   506 ||   566
Dodge: Dodged            |    69 |   144 |   226 |   202 ||   641

Table legend:
 A = Non-vault XP
 B = Vault XP
 C = Vault XP percentage of total XP
 D = Non-vault monster count
 E = Vault monster count
 F = Vault count percentage of total count
                 A         B        C        D         E       F
            +---------+---------+-------+---------+---------+-------
      Total |   10684 |    7103 |  39.9 |     226 |      64 |  22.1
            +---------+---------+-------+---------+---------+-------
        D:1 |      58 |       0 |   0.0 |      25 |       0 |   0.0
        D:2 |      21 |       0 |   0.0 |       8 |       0 |   0.0
        D:3 |      91 |       0 |   0.0 |      30 |       0 |   0.0
        D:4 |     211 |       5 |   2.3 |      19 |       2 |   9.5
        D:5 |     426 |     322 |  43.0 |      20 |      15 |  42.9
        D:6 |     929 |       0 |   0.0 |      24 |       0 |   0.0
        D:7 |    1089 |       0 |   0.0 |      20 |       0 |   0.0
        D:8 |     514 |     232 |  31.1 |      11 |       5 |  31.2
        D:9 |     451 |    1169 |  72.2 |      10 |      15 |  60.0
       D:10 |    1595 |       0 |   0.0 |      16 |       0 |   0.0
       D:11 |    1126 |     436 |  27.9 |      19 |       4 |  17.4
       D:12 |    4173 |    4200 |  50.2 |      24 |       8 |  25.0
    Ossuary |       0 |     739 | 100.0 |       0 |      15 | 100.0
            +---------+---------+-------+---------+---------+-------
